 Dungeon Crawl Stone Soup version 0.17.0 (webtiles) character file.

80 Eucla the Ducker (level 4, -1/27 HPs)
             Began as a Tengu Gladiator on Nov 15, 2015.
             Killed by nerve-wracking pain
             ... invoked by Grinder
              (11 damage)
             ... on level 3 of the Dungeon.
             The game lasted 00:03:06 (2105 turns).

Eucla the Ducker (Tengu Gladiator)                  Turns: 2105, Time: 00:03:06

Health: -1/27      AC:  3    Str: 12 (15) XL:     4   Next: 39%
Magic:  5/5        EV: 14    Int:  8      God:
Gold:   144        SH:  0    Dex: 16      Spells: 1 memorised, 1 level left

rFire  . . .     SeeInvis .     a - +0 long sword
rCold  . . .     Clarity  .     b - +0 leather armour
rNeg   . . .     SustAt   .     (no shield)
rPois  .         Gourm    .     c - +0 hat
rElec  .         Spirit   .     (no cloak)
rCorr  .         Warding  .     (no gloves)
rMut   .         Stasis   .     (boots unavailable)
MR     .....                    i - amulet of faith
Stlth  ++........               (no ring)
                                f - ring of stealth

@: very slightly contaminated, hasted, very quick, not resistant to hostile
enchantments, unstealthy
A: beak, talons 3
a: no special abilities


You were on level 3 of the Dungeon.
You were not hungry.

You visited 1 branch of the dungeon, and saw 3 of its levels.

You collected 144 gold pieces.

Inventory:

Hand Weapons
 a - a +0 long sword (weapon)
Missiles
 d - 3 throwing nets (quivered)
Armour
 b - a +0 leather armour (worn)
 c - a +0 hat (worn)
Jewellery
 f - a ring of stealth (left hand)
 i - an amulet of faith (around neck)
 p - an uncursed ring of ice
 s - an uncursed ring of fire
Wands
 r - a wand of digging (18)
Scrolls
 h - 4 scrolls of enchant armour {unknown}
 k - 3 scrolls of remove curse {unknown}
 n - 3 scrolls of recharging {unknown}
 o - 2 scrolls of identify {unknown}
Potions
 g - a potion of curing
Books
 q - a book of Hinderance

   Spells                             Type                      Level
   a - Confusing Touch                Hexes                        2
   b - Confuse                        Hexes                        3
   c - Gell's Gravitas                Hexes/Translocation          3
   d - Petrify                        Transmutation/Earth          4
   e - Metabolic Englaciation         Hexes/Ice                    5
Comestibles
 e - 3 bread rations
 t - a chunk of flesh


   Skills:
 + Level 2.8 Fighting
 + Level 3.8 Long Blades
 - Level 2.0 Throwing
 - Level 1.2 Armour
 + Level 4.1 Dodging
 + Level 0.7 Hexes


You had one spell level left.
You knew the following spells:

 Your Spells              Type           Power        Failure   Level  Hunger
a - Confusing Touch       Hex            #.....       71%         2    ###....


Dungeon Overview and Level Annotations

Branches:
Dungeon (3/15)

Altars:

Annotations:
D:3 Grinder


Innate Abilities, Weirdness & Mutations

You have a beak for a mouth.
You have claws for feet.


Message History

Grinder barely misses you.
You hit Grinder.
Grinder is heavily wounded.
You slash Grinder!
Grinder is severely wounded.
Grinder closely misses you.
Unknown command.
You barely miss Grinder. You claw Grinder, but do no damage.
Grinder is severely wounded.
Grinder gestures.
Grinder blinks!
Unknown command.
Grinder says, "Tell me all your secrets, or I'll kill you."
Grinder gestures at you. Pain shoots through your body!
You slash Grinder! You claw Grinder. You peck Grinder, but do no damage.
Grinder is almost dead.
Grinder gestures at you. Pain shoots through your body!
You die...

#### #.#...#...# #....#####.#
[..# #.#.###...# #.##.......#
...# #.#.......# #.##########
..<# #.#..#....# #.........#
...###.#..)...##############.#
...'.......(.......# #.#
...###.......#####.# #.#
####.......#######.#########.#
...'.....(.+....@5..........>#
.###.......#######.######.####
.# #.......# #..# #.# ##
####....# ##.# #.# # #....##
.# #.# # #.....# .# #.#
..≈≈§...###.# .# #.# #########
#.# .. #.# #.# ..#


You could see Grinder.

Vanquished Creatures
  2 adders (D:2)
  A worm (D:3)
  2 giant geckos (D:1)
  8 bats
  7 goblins
  8 hobgoblins
  10 jackals
  6 kobolds
  3 quokkas
  A ball python (D:1)
  A giant cockroach (D:2)
  3 giant newts
  4 rats
56 creatures vanquished.

Notes
Turn   | Place    | Note
--------------------------------------------------------------
     0 | D:1      | Eucla the Tengu Gladiator began the quest for the Orb.
     0 | D:1      | Reached XP level 1. HP: 12/12 MP: 2/2
   232 | D:1      | Reached XP level 2. HP: 5/17 MP: 3/3
   686 | D:1      | Reached skill level 1 in Armour
   865 | D:1      | Reached XP level 3. HP: 22/22 MP: 4/4
  1048 | D:2      | Learned a level 2 spell: Confusing Touch
  1520 | D:2      | Reached XP level 4. HP: 17/27 MP: 5/5
  1589 | D:3      | Reached skill level 4 in Dodging
  2077 | D:3      | Noticed Grinder
  2083 | D:3      | Paralysed by Grinder for 6 turns
  2105 | D:3      | Killed from afar by Grinder

Action                   |  1- 3 |  4- 6 || total
-------------------------+-------+-------++-------
Melee: Long sword        |   112 |    51 ||   163
  Use: Potion            |     1 |     3 ||     4
 Stab: Sleeping          |     7 |     3 ||    10
  Eat: Chunk             |     2 |     2 ||     4
